 Dungeon Crawl Stone Soup version 0.28-b1-25-g9875b3fc8c (webtiles) character file.

Game seed: 15319949032172338632

9 belegose the Skirmisher (level 2, -1/24 HPs)
             Began as a Demonspawn Cinder Acolyte on Feb 1, 2022.
             Was a High Priest of Ignis.
             Succumbed to a goblin's poison
             ... on level 1 of the Dungeon.
             The game lasted 00:01:06 (453 turns).

belegose the Skirmisher (Demonspawn Cinder Acolyte)  Turns: 453, Time: 00:01:07

Health: -1/24      AC:  2    Str: 14    XL:     2   Next: 6%
Magic:  3/3        EV: 11    Int: 15    God:    Ignis [*****.]
Gold:   38         SH:  0    Dex:  8    Spells: 3/3 levels left

rFire   + . .      SeeInvis .   a - -1 falchion (flame)
rCold   . . .      Faith    .   (no shield)
rNeg    . . .      Spirit   .   b - +0 robe
rPois   .          Reflect  .   (helmet restricted)
rElec   .          Harm     .   (no cloak)
rCorr   .          Rampage  .   (no gloves)
Will    .....                   (no boots)
Stlth   +.........              (no amulet)
HPRegen 0.08/turn               (no ring)
MPRegen 0.08/turn               (no ring)

@: lethally poisoned (-1 -> -10)
A: horns 1
a: Renounce Religion, Fiery Armour, Foxfire Swarm, Rising Flame


You were on level 1 of the Dungeon.
You worshipped Ignis.
Ignis was extremely pleased with you.
You visited 1 branch of the dungeon, and saw 1 of its levels.

You collected 38 gold pieces.

Inventory:

Hand Weapons
 a - a -1 falchion of flaming (weapon)
Missiles
 c - 2 stones (quivered)
Armour
 b - a +0 robe (worn)


   Skills:
 + Level 3.2 Fighting
 + Level 2.9 Long Blades
 + Level 0.6 Armour
 - Level 1.0 Spellcasting
 - Level 2.6 Fire Magic


You had 3 spell levels left.
You didn't know any spells.
Your spell library contained the following spells:

 Spells                   Type           Power      Damage    Failure   Level
 Scorch                   Fire           16%        2d5       12%         2
 Olgreb's Toxic Radiance  Pois           0%         N/A       94%         4
 Ozocubu's Refrigeration  Ice            0%         4d5       100%        7
 Ignition                 Fire           4%         3d4       100%        8


Dungeon Overview and Level Annotations

Branches:
Dungeon (1/15)

Altars:


Innate Abilities, Weirdness & Mutations

You have a pair of small horns on your head.


Message History

You hit the hobgoblin. You burn the hobgoblin.
You kill the hobgoblin!
You see here a hobgoblin corpse.
You now have 38 gold pieces (gained 12).
You open the door.
There is an open door here.
A goblin comes into view. It is wielding a +2 dagger of venom.
The goblin shouts!
You hear a shout!
A goblin comes into view. It is wielding a +0 club.
The goblin shouts!
You see here a +0 robe.
There is an open door here.
You closely miss the goblin. Your punch misses the goblin.
The goblin hits you with a +2 dagger of venom.
You are poisoned.
You hit the goblin. You burn the goblin.
The goblin is severely wounded.
You feel very sick.
The goblin hits you with a +2 dagger of venom. x2
You are lethally poisoned!
You hit the goblin. You burn the goblin.
You kill the goblin!
* * * LOW HITPOINT WARNING * * *
You feel very sick.
You have reached level 2!
Your demonic ancestry asserts itself...
A pair of horns grows on your head!
You aren't carrying any potions.
You hit the goblin but do no damage.
* * * LOW HITPOINT WARNING * * *
You feel very sick. The goblin misses you. The goblin completely misses you.
You hit the goblin. You burn the goblin.
You kill the goblin!
* * * LOW HITPOINT WARNING * * *
You feel sick.
You aren't carrying any potions.
Unknown command.
There is a lethal amount of poison in your body!
You die...

..... .....
.....###########
...............#
####....[......###
#........g..'.#
####...........#)#
..[............#.#
...............#@#
.........##.####.# #
.................#.#
##....†##.#.######.#
#.....##.#.#..)...#
########.#.#......#
#.#.#......#
#.#.#......#
#.#.#......#


There were no monsters in sight!

Vanquished Creatures
  An endoplasm (D:1)
  2 goblins (D:1)
  3 hobgoblins (D:1)
  A bat (D:1)
  A kobold (D:1)
8 creatures vanquished.

Notes
Turn   | Place    | Note
-------+----------+-------------------------------------------
     0 | D:1      | belegose the Demonspawn Cinder Acolyte began the quest for
                  | the Orb.
     0 | D:1      | Reached XP level 1. HP: 18/18 MP: 2/2
   451 | D:1      | Gained mutation: You have a pair of small horns on your
                  | head. [demonic ancestry]
   451 | D:1      | Reached XP level 2. HP: 7/24 MP: 3/3
   452 | D:1      | HP: 1/24 [poisoned by a goblin]
   453 | D:1      | Succumbed to a goblin's poison

Illustrated notes

Levels and vault maps discovered:
D:1:      lemuel_arrival_funnel, layout_basic, serial_corexii_hall,
          chequers_hall_statues_y, corexii_hall_statues_t, minmay_pentomino_x2

Action                   || total
-------------------------++-------
Melee: Falchion          ||    26
Armor: Robe              ||     7
Dodge: Dodged            ||    11
